 Dungeon Crawl Stone Soup version 0.31-a0-1074-g0b22e4e0f1 (webtiles) character file.

Game seed: 1785435244115529246

1351 avis the Summoner (level 8, 0/61 HPs)
             Began as a Hill Orc Summoner on Dec 6, 2023.
             Was an Initiate of Beogh.
             Slain by a hound (4 damage)
             ... on level 6 of the Dungeon.
             The game lasted 00:48:41 (7706 turns).

avis the Summoner (Hill Orc Summoner)               Turns: 7706, Time: 00:48:42

Health: 0/61       AC:  6    Str: 11    XL:     8   Next: 63%
Magic:  14/14      EV: 10    Int: 17    God:    Beogh [......]
Gold:   266        SH:  3    Dex: 11    Spells: 2/15 levels left

rFire   . . .        a - +0 mace (holy)
rCold   . . .        N - +0 buckler
rNeg    . . .        T - +2 leather armour {Will+}
rPois   +            F - +0 helmet
rElec   .            (no cloak)
rCorr   .            (no gloves)
SInv    .            (no boots)
Will    +....        (no amulet)
Stlth   +            i - ring of poison resistance
HPRegen 0.30/turn    (no ring)
MPRegen 0.14/turn

%: no passive effects
@: about to teleport
A: no striking features
a: Renounce Religion


You were on level 6 of the Dungeon.
You worshipped Beogh.
Beogh was noncommittal.
You visited 2 branches of the dungeon, and saw 7 of its levels.

You collected 266 gold pieces.

Inventory:

Hand Weapons
 a - a +0 mace of holy wrath (weapon)
 b - a +2 heavy war axe
 w - a +1 dagger of venom
Missiles
 q - 11 javelins
 z - 20 stones
 R - a throwing net
Armour
 F - a +0 helmet (worn)
 N - a +0 buckler (worn)
 T - a +2 leather armour of willpower (worn)
Magical Staves
 u - a staff of death
Jewellery
 i - a ring of poison resistance (left hand)
Wands
 S - a wand of iceblast (11)
Scrolls
 g - 2 scrolls of teleportation
 m - 2 scrolls of poison
 p - 2 scrolls of fog
 v - 2 scrolls of fear
 x - a scroll of noise {unknown}
 C - a scroll of revelation {unknown}
 G - a scroll of amnesia {unknown}
 J - a scroll of immolation {unknown}
 O - a scroll of acquirement {unknown}
Potions
 c - a potion of mutation {unknown}
 d - 2 potions of heal wounds {unknown}
 e - 3 potions of curing {unknown}
 h - 2 potions of haste {unknown}
 n - a potion of berserk rage {unknown}
 A - a potion of might {unknown}
 D - a potion of cancellation {unknown}
 I - a potion of degeneration {unknown}
 P - a potion of enlightenment {unknown}


   Skills:
 - Level 2.0 Fighting
 - Level 1.5 Dodging
 - Level 1.5 Stealth
 - Level 4.0 Spellcasting
 + Level 2.6 Hexes
 + Level 8.1 Summonings
 * Level 2.0 Air Magic
 + Level 4.2 Invocations


You had 2 spell levels left.
You knew the following spells:

 Your Spells              Type           Power      Damage    Failure   Level
a - Summon Small Mammal   Summ           100%       N/A       1%          1
c - Call Imp              Summ           62%        N/A       1%          2
d - Call Canine Familiar  Summ           31%        N/A       3%          3
g - Summon Guardian Gole  Hex/Summ       21%        N/A       11%         3
l - Summon Lightning Spi  Summ/Air       20%        N/A       36%         4

Your spell library contained the following spells:

 Spells                   Type           Power      Damage    Failure   Level
 Summon Forest            Summ/Tloc      8%         N/A       86%         5
 Vhi's Electric Charge    Tloc/Air       12%        N/A       90%         4
 Arcjolt                  Conj/Air       3%         1d13      99%         5
 Eringya's Noxious Bog    Tmut/Pois      1%         4d6       100%        6
 Summon Hydra             Summ           15%        N/A       100%        7
 Maxwell's Capacitive Co  Air            5%         ∞         100%        8


Dungeon Overview and Level Annotations

Branches:
Dungeon (6/15)             Temple (1/1) D:5

Altars:
Ashenzari
Dithmenos
Elyvilon
Fedhas
Gozag
Hepliaklqana
Kikubaaqudgha
Makhleb
Nemelex Xobeh
Okawaru
Qazlal
Ru
Sif Muna
Trog
Vehumet
Xom
Zin
The Shining One

Annotations:
D:6 Grinder


Message History

The orc hits your guardian golem with a +0 club.
The hound bites you but does no damage. The hound bites you but does no damage.
The orc hits your guardian golem with a +0 club.
Casting: Summon Guardian Golem (dangerous; 11% risk of failure)
Confirm with . or Enter, or press ? or * to list all spells.
Okay, then.
The hound bites you but does no damage.
The orc hits your guardian golem but does no damage.
You block the hound's attack. The hound bites you but does no damage.
The orc hits your guardian golem but does no damage.
The hound bites you but does no damage.
The orc hits your guardian golem but does no damage.
The orc wizard mumbles some strange words.
The orc wizard flickers and vanishes!
Deactivating autopickup; reactivate with Ctrl-A.
The hound bites you but does no damage.
Grinder blinks!
The hound bites you.
* * * LOW HITPOINT WARNING * * *
The orc hits your guardian golem with a +0 club.
Grinder blinks!
An orc wizard appears from thin air!
Reactivating autopickup.
The hound bites you.
* * * LOW HITPOINT WARNING * * *
The orc hits your guardian golem but does no damage.
The hound bites you.
* * * LOW HITPOINT WARNING * * *
The orc priest looks satisfied for a moment.
The hound barely misses you.
The orc completely misses your guardian golem.
The hound bites you but does no damage.
The orc hits your guardian golem but does no damage.
The hound bites you.
* * * LOW HITPOINT WARNING * * *
Okay, then.
As you read the scroll of teleportation, it crumbles to dust.
You feel strangely unstable. The hound bites you.
You die...

#..# #..# #..# #..####
#.....# . .....#
....###############....#
....5Wh@.9o{ooo.o......#
.....##############....#
... #.$>.# . #....#
#$...# #.#### #.# #>#
#.#


You could see Grinder, a phantom, a hound, an orc priest, an orc wizard, 2 orcs
and a friendly guardian golem (summoned).

Vanquished Creatures
  An orc priest (D:4)
  2 iguanas
  An orc wizard (D:4)
  2 adders
  An ufetubus (D:3)
  A dart slug (D:2)
  2 orcs
  3 bats
  3 goblins
  2 hobgoblins
  A jackal (D:1)
  A quokka (D:3)
  3 ball pythons (D:2)
  2 frilled lizards
25 creatures vanquished.

Vanquished Creatures (collateral kills)
  A black bear (D:4)
  An ogre (D:4)
  2 phantoms
  A scorpion (D:4)
  2 hounds (D:5)
  A sleepcap (D:5)
  Ijyb (D:5)
  3 iguanas (D:4)
  An orc wizard (D:4)
  6 gnolls
  4 adders
  An ufetubus (D:3)
  2 dart slugs
  9 orcs
  A bat (D:3)
  5 endoplasms
  5 giant cockroaches
  6 goblins
  6 hobgoblins
  4 jackals (D:1)
  9 kobolds
  3 quokkas
  5 ball pythons
  2 frilled lizards
  4 rats
85 creatures vanquished.

Vanquished Creatures (others)
  An orc warrior (D:6)
  An ice beast (D:6)
  An ogre (D:5)
  A gnoll sergeant (D:4)
  A scorpion (D:6)
  A gnoll bouda (D:5)
  An orc priest (D:4)
  2 gnolls (D:5)
  2 orcs (D:4)
  A rat (D:2)
12 creatures vanquished.

Grand Total: 122 creatures vanquished

Notes
Turn   | Place    | Note
-------+----------+-------------------------------------------
     0 | D:1      | avis the Hill Orc Summoner began the quest for the Orb.
     0 | D:1      | Reached XP level 1. HP: 14/14 MP: 3/3
    31 | D:1      | Reached skill level 1 in Fighting
    80 | D:1      | Reached XP level 2. HP: 12/23 MP: 0/4
   134 | D:1      | Learned a level 2 spell: Call Imp
   546 | D:1      | Reached XP level 3. HP: 28/28 MP: 2/6
  1581 | D:2      | Learned a level 3 spell: Call Canine Familiar
  2009 | D:2      | Reached skill level 5 in Summonings
  2159 | D:2      | Found a white marble altar of Elyvilon.
  2230 | D:2      | Reached XP level 4. HP: 35/35 MP: 7/7
  3207 | D:3      | Reached XP level 5. HP: 40/40 MP: 9/9
  3219 | D:3      | Learned a level 3 spell: Summon Guardian Golem
  3271 | D:3      | Found a faded altar of an unknown god.
  3496 | D:3      | Found a burning altar of Makhleb.
  3665 | D:4      | Noticed a black bear
  3677 | D:4      | Killed a black bear
  3678 | D:4      | Reached skill level 6 in Summonings
  3678 | D:4      | Reached XP level 6. HP: 42/48 MP: 3/10
  4143 | D:4      | Reached XP level 7. HP: 55/55 MP: 2/13
  4243 | D:4      | Became a worshipper of Beogh the Brigand
  4416 | D:4      | Reached skill level 1 in Hexes
  4536 | D:4      | Reached skill level 1 in Invocations
  5374 | D:5      | Entered Level 5 of the Dungeon
  5533 | D:4      | Reached skill level 7 in Summonings
  6360 | D:5      | Reached XP level 8. HP: 14/61 MP: 11/14
  6521 | D:5      | Learned a level 4 spell: Summon Lightning Spire
  6834 | D:5      | Noticed Ijyb
  6864 | D:5      | Killed Ijyb
  7209 | D:5      | Reached skill level 1 in Air Magic
  7314 | D:5      | Found a staircase to the Ecumenical Temple.
  7323 | Temple   | Found a transporter.
  7323 | Temple   | Found a transporter.
  7323 | Temple   | Found a transporter.
  7323 | Temple   | Found a transporter.
  7323 | Temple   | Entered the Ecumenical Temple
  7608 | D:6      | Reached skill level 8 in Summonings
  7677 | D:6      | Noticed Grinder
  7706 | D:6      | Slain by a hound

Illustrated notes

Levels and vault maps discovered:
D:1:      minmay_arrival_radiant_lines, layout_loops_ring,
          chequers_serial_rivers_room_b
D:2:      layout_basic, basic_altar
D:3:      layout_basic, mainiacjoe_overflow_concentric_impassable,
          ebering_ecumenical_altar_abandoned
D:4:      layout_layer_cave
D:5:      layout_loops_corners, minmay_temple_entry_fiery, uniq_ijyb
D:6:      layout_rooms, mainiacjoe_sewer_entry_somewhere_in_here_1, uniq_grinder
Temple:   hellmonk_temple_divided_pantheon

Skill      XL: |  1  2  3  4  5  6  7  8 |
---------------+-------------------------+-----
Fighting       | 1 2 |  2.0
Spellcasting   | 2 3 4 |  4.0
Summonings     | 5 6 7 8 |  8.1
Hexes          | 2 |  2.6
Invocations    | 2 4 |  4.2
Air Magic      | 2 |  2.0
Dodging        | |  1.5
Stealth        | |  1.5

Action                     |  1- 3 |  4- 6 |  7- 9 || total
---------------------------+-------+-------+-------++-------
  Melee: Unarmed           |    30 |       |       ||    30
         Punch             |     1 |       |       ||     1
         Dagger            |    12 |    33 |       ||    45
         War axe           |       |     2 |    11 ||    13
         Mace              |       |       |    12 ||    12
   Cast: Summon Small Mamm |    37 |    10 |    10 ||    57
         Call Imp          |    19 |    11 |    16 ||    46
         Call Canine Famil |     2 |    16 |    28 ||    46
         Summon Guardian G |       |     1 |    13 ||    14
 Invoke: Convert to Beogh  |       |       |     1 ||     1
    Use: Potion            |       |       |     2 ||     2
         Scroll            |       |       |     6 ||     6
   Stab: Sleeping          |     2 |     2 |       ||     4
         Distracted        |       |       |     1 ||     1
 Armour: Robe              |    29 |    18 |    40 ||    87
         Leather armour    |       |       |    35 ||    35
  Dodge: Dodged            |    49 |    33 |    59 ||   141
  Block: Buckler           |       |       |     8 ||     8

Table legend: (Time is in decaauts)
 A = Elapsed time spent in this place.
 B = Non-inter-level travel time spent in this place.
 C = Inter-level travel time spent in this place.
 D = Time resting spent in this place.
 E = Time spent auto-exploring this place.
 F = Levels seen in this place.
 G = Mean time per level.
                   A        B        C        D        E       F      G
               +--------+--------+--------+--------+--------+-----+--------+
         Total |   7734 |   7079 |    655 |   1433 |   3868 |   7 | 1104.9 |
       Dungeon |   7565 |   6924 |    641 |   1333 |   3868 |   6 | 1260.8 |
        Temple |    168 |    154 |     14 |    100 |      0 |   1 |  168.0 |
               +--------+--------+--------+--------+--------+-----+--------+

Top non-repeatable levels by time:
     D:4: 2316 daAuts
     D:1: 1476 daAuts
     D:5: 1447 daAuts
     D:2: 1424 daAuts
     D:3: 763 daAuts
  Temple: 168 daAuts
     D:6: 136 daAuts
